 Dungeon Crawl Stone Soup version 0.30-a0-715-gdb4ae3ece1 (webtiles) character file.

Game seed: 10582142040882672890

149 wormed the Firebug (level 5, -5/37 HPs)
             Began as a Demonspawn Fire Elementalist on Jan 23, 2023.
             Slain by an iguana (7 damage)
             ... on level 3 of the Dungeon.
             The game lasted 00:03:50 (3131 turns).

wormed the Firebug (Demonspawn Fire Elementalist)   Turns: 3131, Time: 00:03:50

Health: -5/37      AC:  3    Str:  8    XL:     5   Next: 9%
Magic:  0/8        EV: 12    Int: 20    God:
Gold:   98         SH:  4    Dex: 14    Spells: 3/9 levels left

rFire   . . .      SeeInvis .    n - +1 dagger (protect)
rCold   + . .      Faith    .    (no shield)
rNeg    . . .      Spirit   .    a - +1 robe
rPois   .          Reflect  .    (helmet restricted)
rElec   .          Harm     .    t - scarf {shadows}
rCorr   .          Rampage  .    (no gloves)
Will    .....                    (no boots)
Stlth   ++                       e - amulet of the acrobat
HPRegen 0.26/turn                g - ring of protection from cold
MPRegen 0.11/turn                (no ring)

@: no status effects
A: horns 1, powered by death 1, big brain 1, condensation shield
a: no special abilities


You were on level 3 of the Dungeon.
You visited 1 branch of the dungeon, and saw 3 of its levels.

You collected 98 gold pieces.

Inventory:

Hand Weapons
 n - a +1 dagger of protection (weapon)
Armour
 a - a +1 robe (worn)
 t - a scarf of shadows (worn)
Jewellery
 e - an amulet of the acrobat (around neck)
 g - a ring of protection from cold (left hand)
Wands
 o - a wand of polymorph (7)
Scrolls
 f - a scroll of fear
 h - a scroll of noise
 i - a scroll of teleportation
 k - a scroll of identify
Potions
 b - a potion of magic
 c - 2 potions of curing
 d - a potion of degeneration {unknown}
 l - a potion of might {unknown}
 m - a potion of haste
 q - a potion of attraction {unknown}
 s - a potion of invisibility {unknown}


   Skills:
 + Level 1.6 Fighting
 + Level 2.5 Dodging
 + Level 2.5 Stealth
 + Level 2.6 Spellcasting
 + Level 2.1 Conjurations
 + Level 3.3 Fire Magic


You had 3 spell levels left.
You knew the following spells:

 Your Spells              Type           Power      Damage    Failure   Level
a - Foxfire               Conj/Fire      52%        2x1d6     4%          1
b - Scorch                Fire           30%        2d7       6%          2
c - Inner Flame           Hex/Fire       9%         N/A       22%         3

Your spell library contained the following spells:

 Spells                   Type           Power      Damage    Failure   Level
 Cigotuvi's Dreadful Rot  Necr/Pois/Air  4%         N/A       22%         2
 Kindle Blastsparks       Fire/Tloc/Air  14%        2d11      28%         3
 Flame Wave               Conj/Fire      13%        2d6       43%         4
 Dispel Undead            Necr           2%         3d7       83%         4
 Death Channel            Necr           1%         N/A       100%        6
 Summon Cactus Giant      Summ           1%         N/A       100%        6


Dungeon Overview and Level Annotations

Branches:
Dungeon (3/15)

Altars:


Innate Abilities, Weirdness & Mutations

You have a pair of small horns on your head.
You regenerate a little health from kills.
You have an unusually large brain. (Int +2)
A meltable shield of frost defends you. (SH +4)


Message History

The iguana is heavily wounded.
You block the iguana's attack.
Casting: Scorch (safe; 6% risk of failure)
Confirm with . or Enter, or press ? or * to list all spells.
You don't have enough magic to cast this spell.
You completely miss the iguana. Your headbutt misses the iguana.
The iguana is heavily wounded.
You block the iguana's attack.
Casting: Scorch (safe; 6% risk of failure)
Confirm with . or Enter, or press ? or * to list all spells.
You don't have enough magic to cast this spell.
You barely miss the iguana.
The iguana is heavily wounded.
You block the iguana's attack.
Casting: Scorch (safe; 6% risk of failure)
Confirm with . or Enter, or press ? or * to list all spells.
You don't have enough magic to cast this spell.
You closely miss the iguana. You headbutt the iguana.
The iguana is severely wounded.
The iguana bites you!
Casting: Scorch (safe; 6% risk of failure)
Confirm with . or Enter, or press ? or * to list all spells.
You don't have enough magic to cast this spell.
You barely miss the iguana.
The iguana is severely wounded.
The iguana bites you.
* * * LOW HITPOINT WARNING * * *
Casting: Scorch (safe; 6% risk of failure)
Confirm with . or Enter, or press ? or * to list all spells.
You conjure some foxfire!
The iguana bites you.
* * * LOW HITPOINT WARNING * * *
You completely miss the iguana.
The iguana is severely wounded.
The iguana is no longer more vulnerable to fire.
The foxfire hits the iguana.
The iguana is almost dead.
The foxfire hits the iguana but does no damage.
The iguana is almost dead.
The iguana bites you!
You die...

#. ##)# # .
... ..
..##..####.#
#...?.....
#.#....#
#...§<.#
#....@.#
#.>...l....#
#....>..##.#
...†....# #
#.......#
...##.#.#
..# #. ..


You could see an iguana.

Vanquished Creatures
  Jessica (D:2)
  Natasha (thrice) (D:1)
  A gnoll (D:1)
  An adder (D:2)
  A dart slug (D:2)
  2 endoplasms (D:1)
  2 giant cockroaches (D:2)
  2 goblins (D:2)
  4 hobgoblins
  2 jackals (D:2)
  A kobold (D:2)
  A quokka (D:1)
  3 ball pythons
  4 bats
  A frilled lizard (D:1)
  4 rats
33 creatures vanquished.

Vanquished Creatures (others)
  45 foxfires
45 creatures vanquished.

Grand Total: 78 creatures vanquished

Notes
Turn   | Place    | Note
-------+----------+-------------------------------------------
     0 | D:1      | wormed the Demonspawn Fire Elementalist began the quest for
                  | the Orb.
     0 | D:1      | Reached XP level 1. HP: 13/13 MP: 3/3
   400 | D:1      | Gained mutation: You have an unusually large brain. (Int
                  | +2) [demonic ancestry]
   400 | D:1      | Reached XP level 2. HP: 12/20 MP: 0/5
   683 | D:1      | Learned a level 2 spell: Scorch
  1237 | D:2      | Noticed Natasha
  1240 | D:2      | Identified the +6 plate armour of Eternal Night {rCorr}
  1253 | D:1      | Killed Natasha
  1254 | D:1      | Reached skill level 1 in Fighting
  1254 | D:1      | Reached skill level 3 in Fire Magic
  1254 | D:1      | Gained mutation: You regenerate a little health from kills.
                  | [demonic ancestry]
  1254 | D:1      | Reached XP level 3. HP: 26/26 MP: 0/6
  1680 | D:1      | Noticed Natasha
  1684 | D:1      | Killed Natasha
  1685 | D:1      | Gained mutation: A meltable shield of frost defends you.
                  | (SH +4) [demonic ancestry]
  1685 | D:1      | Reached XP level 4. HP: 32/32 MP: 1/7
  1745 | D:1      | Noticed Natasha
  1759 | D:1      | Killed Natasha
  2540 | D:2      | Noticed Jessica
  2552 | D:2      | Killed Jessica
  2629 | D:2      | Gained mutation: You have a pair of small horns on your
                  | head. [demonic ancestry]
  2629 | D:2      | Reached XP level 5. HP: 37/37 MP: 3/8
  3118 | D:2      | Learned a level 3 spell: Inner Flame
  3131 | D:3      | Slain by an iguana

Illustrated notes

Levels and vault maps discovered:
D:1:      ncdulo_lavacross, layout_basic
D:2:      layout_rooms, uniq_natasha, uniq_jessica
D:3:      layout_loops_ring, lemuel_coloured_pillars_altar,
          hellmonk_ecumenical_altar_inner_sanctum, kennysheep_generic_room_5

Skill      XL: |  1  2  3  4 |
---------------+-------------+-----
Dodging        | 2 |  2.5
Stealth        | 2 |  2.5
Fighting       | 1 |  1.6
Fire Magic     | 3 |  3.3
Conjurations   | 2 |  2.1
Spellcasting   | |  2.6

Action                     |  1- 3 |  4- 6 || total
---------------------------+-------+-------++-------
  Melee: Unarmed           |    18 |     6 ||    24
         Dagger            |       |     9 ||     9
         Headbutt          |       |     1 ||     1
   Cast: Foxfire           |    23 |     3 ||    26
         Scorch            |     8 |    24 ||    32
    Use: Scroll            |       |     7 ||     7
 Armour: Robe              |     3 |     3 ||     6
  Dodge: Dodged            |    50 |    10 ||    60
  Block: Other             |       |     7 ||     7

Table legend: (Time is in decaauts)
 A = Elapsed time spent in this place.
 B = Non-inter-level travel time spent in this place.
 C = Inter-level travel time spent in this place.
 D = Time resting spent in this place.
 E = Time spent auto-exploring this place.
 F = Levels seen in this place.
 G = Mean time per level.
                   A        B        C        D        E       F      G
               +--------+--------+--------+--------+--------+-----+--------+
         Total |   3131 |   2923 |    208 |      0 |   2523 |   3 | 1043.7 |
       Dungeon |   3131 |   2923 |    208 |      0 |   2523 |   3 | 1043.7 |
               +--------+--------+--------+--------+--------+-----+--------+

Top non-repeatable levels by time:
     D:1: 2306 daAuts
     D:2: 814 daAuts
     D:3: 11 daAuts
